 Dungeon Crawl Stone Soup version 0.30-a0-881-g1ff12e1e11 (webtiles) character file.

Game seed: 12233136224281701110

292 dolemite99 the Digger (level 6, -1/32 HPs)
             Began as a Gargoyle Earth Elementalist on Mar 14, 2023.
             Slain by an orc
             ... wielding a +0 war axe
              (6 damage)
             ... on level 4 of the Dungeon.
             The game lasted 00:06:15 (4333 turns).

dolemite99 the Digger (Gargoyle Earth Elementalist) Turns: 4333, Time: 00:06:16

Health: -1/32      AC: 11    Str: 11    XL:     6   Next: 33%
Magic:  6/12       EV: 11    Int: 18    God:
Gold:   32         SH:  0    Dex: 14    Spells: 7/13 levels left

rFire   . . .      SeeInvis .    j - +0 morningstar
rCold   + . .      Faith    .    (no shield)
rNeg    + . .      Spirit   .    u - +0 leather armour of the Arena {rC+ Dex+4}
rPois   ∞          Reflect  .    c - +0 helmet
rElec   +          Rampage  .    (no cloak)
rCorr   .                        (no gloves)
Will    .....                    p - +2 pair of boots
Stlth   ++                       (no amulet)
HPRegen 0.25/turn                (no ring)
MPRegen 0.13/turn                (no ring)

@: no status effects
A: sickness immunity, AC +4, negative energy resistance 1, electricity
resistance, torment resistance 1, petrification resistance
a: no special abilities


You were on level 4 of the Dungeon.
You visited 1 branch of the dungeon, and saw 4 of its levels.

You collected 172 gold pieces.
You spent 140 gold pieces at shops.

Inventory:

Hand Weapons
 j - a +0 morningstar (weapon)
Missiles
 y - 5 javelins
Armour
 a - a +0 robe
 c - a +0 helmet (worn)
 p - a +2 pair of boots (worn)
 u - the +0 leather armour of the Arena (worn) {rC+ Dex+4}
   (You bought it in a shop on level 3 of the Dungeon)

   Dex:       It affects your dexterity (+4).
   rC:        It protects you from cold.
Jewellery
 t - an amulet of faith
Wands
 q - a wand of flame (25)
Scrolls
 d - 3 scrolls of teleportation
 e - a scroll of enchant armour {unknown}
 h - 2 scrolls of magic mapping {unknown}
 k - 2 scrolls of vulnerability
 l - 2 scrolls of noise {unknown}
 m - 2 scrolls of acquirement {unknown}
 n - a scroll of poison {unknown}
 o - a scroll of fog {unknown}
 w - 3 scrolls of immolation {unknown}
 x - 2 scrolls of amnesia {unknown}
 z - a scroll of enchant weapon {unknown}
Potions
 b - 3 potions of magic
 f - a potion of might
 g - a potion of attraction
 r - a potion of mutation
 s - a potion of lignification
 v - a potion of heal wounds


   Skills:
 - Level 1.5 Dodging
 - Level 2.1 Stealth
 + Level 4.1 Spellcasting
 * Level 3.0 Conjurations
 - Level 0.7 Transmutations
 - Level 5.5 Earth Magic


You had 7 spell levels left.
You knew the following spells:

 Your Spells              Type           Power      Damage    Failure   Level
a - Sandblast             Erth           46%        2d11      1%          1
b - Stone Arrow           Conj/Erth      38%        3d9       10%         3
c - Passwall              Tmut/Erth      12%        N/A       8%          2

Your spell library contained the following spells:

 Spells                   Type           Power      Damage    Failure   Level
 Petrify                  Tmut/Erth      15%        N/A       45%         4
 Tukima's Dance           Hex            3%         N/A       50%         3
 Passage of Golubria      Tloc           3%         N/A       88%         4
 Yara's Violent Unravell  Hex/Tmut       2%         3d3       99%         5


Dungeon Overview and Level Annotations

Branches:
Dungeon (4/15)
 Temple: D:4-7

Altars:

Shops:
D:3 [

Annotations:
D:3 3 runed translucent doors, Newt's ghost, amateur KoHu


Innate Abilities, Weirdness & Mutations

You are immune to sickness and miasma.
Your stone body is resilient. (AC +4)
You are immune to poison.
You resist negative energy. (rN+)
You are resistant to electric shocks. (rElec)
You are resistant to unholy torment.
You are immune to petrification.


Message History

Confirm with . or Enter, or press ? or * to list all spells.
Aiming: Sandblast (safe; 1% risk of failure)
Press: ? - help, Shift-Dir - straight line, f - orc
Aim: an orc, wielding a +0 flail and wearing a +0 leather armour (83% to hit)
The blast of sand hits the orc.
You kill the orc!
You hear some strange, mumbled words.
You are confused.
The orc hits you but does no damage.
You are too confused!
Unknown command.
Okay, then.
An orc priest and a kobold come into view.
The orc priest shouts!
The kobold shouts!
The orc priest looks satisfied for a moment.
Items here: ))) [[.
You're too confused to move!
The adder closely misses you. The orc closely misses you.
The adder bites you but does no damage. The orc hits you with a +0 war axe.
The orc priest hits you with a +0 flail.
Something hits you.
The orc priest hits you but does no damage.
You closely miss the orc priest. The adder barely misses you.
The orc hits you with a +0 hand axe. The orc closely misses you.
The orc priest barely misses you. Something hits you but does no damage.
The orc priest hits you but does no damage.
The adder barely misses you.
You closely miss something.
You feel less confused. The adder misses you.
The orc hits you with a +0 hand axe. The orc priest barely misses you.
The orc completely misses you.
The orc priest hits you with a +0 flail.
Something hits you.
* * * LOW HITPOINT WARNING * * *
The adder bites you but does no damage. The orc barely misses you.
Something hits you.
* * * LOW HITPOINT WARNING * * *
The orc priest hits you but does no damage. x2
The orc hits you with a +0 war axe.
You die...

#......#.....##.......#...
#.##.###.#..####.....##...
#........#.....#######.
###.##.###.............
#....................
###.#.###............
#...#..............
#.....#...##o...#...
#.......#.Ko@S.##
#........#..oo?..#
#.###....#.........# ..
...........#...#
...##.......#...#
........###.... ##..##...
.... ... #... ###


You could see 2 orc priests, an adder, 2 orcs and a kobold.

Vanquished Creatures
  A black bear (D:2)
  2 orc priests (D:4)
  Jessica (D:2)
  3 adders (D:2)
  A worm (D:2)
  4 dart slugs
  An orc (D:4)
  9 endoplasms
  5 giant cockroaches
  6 goblins
  5 hobgoblins
  3 jackals (D:1)
  4 kobolds
  5 quokkas
  6 ball pythons
  7 bats
  4 frilled lizards
  9 rats
76 creatures vanquished.

Notes
Turn   | Place    | Note
-------+----------+-------------------------------------------
     0 | D:1      | dolemite99 the Gargoyle Earth Elementalist began the quest
                  | for the Orb.
     0 | D:1      | Reached XP level 1. HP: 10/10 MP: 3/3
   139 | D:1      | Reached XP level 2. HP: 15/15 MP: 0/5
   321 | D:1      | Reached skill level 4 in Earth Magic
  1301 | D:1      | Reached XP level 3. HP: 16/19 MP: 3/6
  1983 | D:2      | Learned a level 2 spell: Passwall
  1987 | D:2      | Learned a level 3 spell: Stone Arrow
  2277 | D:2      | Noticed a black bear
  2283 | D:2      | Killed a black bear
  2284 | D:2      | Reached skill level 5 in Earth Magic
  2284 | D:2      | Reached XP level 4. HP: 14/24 MP: 1/9
  2284 | D:2      | Reached XP level 5. HP: 16/28 MP: 1/10
  2800 | D:2      | Reached skill level 1 in Conjurations
  2987 | D:2      | Noticed Jessica
  2990 | D:2      | Killed Jessica
  3453 | D:3      | Found Ocegig's Antique Armour Emporium.
  3463 | D:3      | Bought a masterwork leather armour for 140 gold pieces
  3463 | D:3      | Identified the +0 leather armour of the Arena {rC+ Dex+4}
                  | (You bought it in a shop on level 3 of the Dungeon)
  3490 | D:3      | Found a runed translucent gate.
  3490 | D:3      | Found a runed translucent gate.
  3490 | D:3      | Found a runed translucent gate.
  3493 | D:3      | Noticed Newt's ghost (amateur KoHu)
  3822 | D:3      | Reached XP level 6. HP: 32/32 MP: 10/12
  4333 | D:4      | Slain by an orc

Illustrated notes

Levels and vault maps discovered:
D:1:      mainiacjoe_arrival_reflecting_pool, layout_basic, minmay_3d_cube
D:2:      layout_loops_ring, minmay_misc_feat_cross, uniq_jessica
D:3:      layout_basic, ebering_ghost_rock_garden, serial_shops,
          nicolae_square_shop, st_stairs_10, minmay_vboxes
D:4:      minmay_opposing_rooms, layout_cave_pools,
          minmay_temple_entry_antechambers, grunt_ministairs_10,
          minmay_crystal_room, moated_statue, hangedman_abyss_or_decor_stabs

Skill      XL: |  1  2  3  4  5  6 |
---------------+-------------------+-----
Earth Magic    | 4 5 |  5.5
Spellcasting   | 3 4 |  4.1
Conjurations   | 2 3 |  3.0
Dodging        | |  1.5
Stealth        | |  2.1
Transmutations | |  0.7

Action                     |  1- 3 |  4- 6 || total
---------------------------+-------+-------++-------
  Melee: Unarmed           |     1 |       ||     1
         Morningstar       |       |     2 ||     2
   Cast: Sandblast         |    55 |    46 ||   101
         Stone Arrow       |     1 |     2 ||     3
    Use: Scroll            |       |     7 ||     7
 Armour: Robe              |    21 |     5 ||    26
         Leather armour    |       |     9 ||     9
  Dodge: Dodged            |    38 |    13 ||    51

Table legend: (Time is in decaauts)
 A = Elapsed time spent in this place.
 B = Non-inter-level travel time spent in this place.
 C = Inter-level travel time spent in this place.
 D = Time resting spent in this place.
 E = Time spent auto-exploring this place.
 F = Levels seen in this place.
 G = Mean time per level.
                   A        B        C        D        E       F      G
               +--------+--------+--------+--------+--------+-----+--------+
         Total |   4382 |   4352 |     30 |   1635 |   2056 |   4 | 1095.5 |
       Dungeon |   4382 |   4352 |     30 |   1635 |   2056 |   4 | 1095.5 |
               +--------+--------+--------+--------+--------+-----+--------+

Top non-repeatable levels by time:
     D:1: 1850 daAuts
     D:2: 1453 daAuts
     D:3: 898 daAuts
     D:4: 180 daAuts
